 Dungeon Crawl Stone Soup version 0.24-a0-108-g011bc4b (console) character file.

Game seed: 9543114602110873576

940 Voker57 the Slasher (level 7, 0/49 HPs)
             Began as a Demonspawn Gladiator on Feb 14, 2019.
             Was an Initiate of Hepliaklqana.
             Killed from afar by an electric eel (14 damage)
             ... with a bolt of electricity
             ... on level 6 of the Dungeon.
             The game lasted 00:06:23 (5296 turns).

Voker57 the Slasher (Demonspawn Gladiator)          Turns: 5296, Time: 00:06:23

Health: 0/49       AC:  4    Str: 14    XL:     7   Next: 88%
Magic:  7/7        EV: 14    Int: 10    God:    Hepliaklqana [......]
Gold:   381        SH:  0    Dex: 16    Spells: 6/6 levels left

rFire    . . .     SeeInvis .   a - +1 long sword
rCold    . . .     Gourm    +   (no shield)
rNeg     . . .     Faith    .   b - +1 leather armour
rPois    .         Spirit   .   (helmet restricted)
rElec    .         Reflect  .   (no cloak)
rCorr    .         Harm     .   (no gloves)
MR       +....                  (no boots)
Stlth    +.........             i - amulet of the gourmand
HPRegen  0.16/turn              j - ring of protection from magic
MPRegen  0.10/turn              (no ring)

@: no status effects
A: reduced essence, claws 1, horns 2, demonic guardian 1
a: Recall Ancestor, Ancestor Identity, Renounce Religion


You were on level 6 of the Dungeon.
You worshipped Hepliaklqana.
Hepliaklqana was noncommittal.
You were not hungry.

You visited 1 branch of the dungeon, and saw 6 of its levels.

You collected 381 gold pieces.

Inventory:

Hand Weapons
 a - a +1 long sword (weapon)
 p - a +0 trident of protection
 s - a +1 hand axe of chopping
Missiles
 d - 2 throwing nets (quivered)
Armour
 b - a +1 leather armour (worn)
 c - a +0 helmet
 A - a +0 leather armour
Jewellery
 i - an amulet of the gourmand (around neck)
 j - a ring of protection from magic (left claw)
 l - an uncursed ring of protection from fire {unknown}
 o - an uncursed amulet of harm
 q - an uncursed ring of positive energy {unknown}
 u - a cursed ring of teleportation {unknown}
Wands
 e - a wand of polymorph (10)
 w - a wand of flame (12)
Scrolls
 g - 2 scrolls of remove curse
 h - a scroll of noise
 n - 2 scrolls of teleportation
 y - a scroll of fear
 z - a scroll of amnesia
Potions
 k - a potion of agility
 m - a potion of berserk rage
 r - 2 potions of degeneration
 t - a potion of brilliance {unknown}
 v - a potion of curing
 x - 2 potions of heal wounds {unknown}
 B - a potion of cancellation
Comestibles
 f - 8 rations


   Skills:
 + Level 4.6 Fighting
 * Level 6.2 Long Blades
 - Level 1.7 Throwing
 + Level 2.0 Armour
 + Level 4.7 Dodging


You had 6 spell levels left.
You didn't know any spells.
Your spell library was empty.

Dungeon Overview and Level Annotations

Branches:
Dungeon (6/15)             Temple (0/1) D:6

Altars:
Hepliaklqana
Kikubaaqudgha
Ru
Sif Muna


Innate Abilities, Weirdness & Mutations

You have sharp fingernails.
You have a pair of horns on your head.
A weak demonic guardian rushes to your aid.
Your life essence is reduced to manifest your ancestor. (-10% HP)


Message History

Tochtli barely misses the orc.
The wight hits you from afar with a +0 halberd!
Things that are here:
a +1 great sword; a +0 robe You hit the orc.
Your headbutt misses the orc.
The orc is almost dead.
The bullfrog croaks.
The orc barely misses you.
You riposte.
You hit the orc.
You kill the orc!
Tochtli hits something.
Something hits Tochtli.
The wight splashes around in the water.
You closely miss the wight.
The wight is moderately damaged.
The wight hits you with a +3 mace!
* * * LOW HITPOINT WARNING * * *
Tochtli hits something.
Reactivating autopickup.
You feel a bit more experienced.
The electric eel shoots out a bolt of lightning at you!
The bolt of electricity hits you!
You die...

....... #.... .....>## #
#.... . #...##.#.# #....
.. ##...#.....##.... c..
##.......#........ ....
###......## #.#....
.....#.#..##...######....
......)...##...#.#..#....
..#####R'####..#......#..
#≈≈≈5@≈≈≈##..........#
#≈≈≈zz.≈≈≈≈##.......#.#
#≈≈≈≈≈..≈≈≈≈≈##......###
#≈≈≈≈≈≈.F≈≈≈≈≈≈##......#.
≈≈≈≈≈≈≈..≈≈≈o≈≈≈##.....#.
≈≈≈≈≈≈≈..≈≈≈≈≈≈≈ #.......
≈≈≈≈≈;≈..≈≈≈≈≈≈≈ #......#
≈≈≈≈≈≈..≈≈≈≈≈≈≈ #..#.. ##


You could see the friendly Tochtli the ancestor, a bullfrog, an electric eel, 2
wights, an orc wizard and a friendly iron imp.

Vanquished Creatures
  A wight (D:6)
  4 crimson imps
  An orc priest (D:3)
  2 hounds
  A jelly (D:5)
  An orc wizard (D:4)
  Natasha (thrice) (D:3)
  3 worker ants (D:5)
  A hound skeleton (D:4)
  5 adders
  3 oozes
  A worm (D:3)
  A dart slug (D:3)
  A leopard gecko (D:4)
  14 orcs
  2 giant cockroaches
  6 goblins
  6 hobgoblins
  4 jackals (D:5)
  3 quokkas (D:3)
  A ball python (D:4)
  6 bats
  9 frilled lizards
  4 kobolds
  A quokka skeleton (D:6)
  5 rats
89 creatures vanquished.

Vanquished Creatures (collateral kills)
  A phantom (D:5)
  2 bullfrogs
  A scorpion (D:5)
  A howler monkey (D:4)
  A crimson imp (D:6)
  A hound (D:4)
  A centaur skeleton (D:6)
  2 worker ants (D:4)
  A leopard gecko (D:6)
  5 orcs
  A quokka (D:4)
17 creatures vanquished.

Grand Total: 106 creatures vanquished

Notes
Turn   | Place    | Note
-------+----------+-------------------------------------------
     0 | D:1      | Voker57 the Demonspawn Gladiator began the quest for the
                  | Orb.
     0 | D:1      | Reached XP level 1. HP: 16/16 MP: 1/1
   696 | D:1      | Reached skill level 3 in Long Blades
   697 | D:1      | Gained mutation: You have a pair of small horns on your
                  | head. [demonic ancestry]
   697 | D:1      | Reached XP level 2. HP: 16/22 MP: 2/2
  1119 | D:2      | Found a hazy altar of Hepliaklqana.
  1391 | D:2      | Gained mutation: You have a pair of horns on your head.
                  | [demonic ancestry]
  1391 | D:2      | Reached XP level 3. HP: 28/28 MP: 3/3
  2126 | D:3      | Gained mutation: A weak demonic guardian rushes to your
                  | aid. [demonic ancestry]
  2126 | D:3      | Reached XP level 4. HP: 28/34 MP: 4/4
  2247 | D:3      | Noticed Natasha
  2253 | D:3      | Killed Natasha
  2253 | D:3      | Reached skill level 4 in Long Blades
  2411 | D:3      | Noticed Natasha
  2415 | D:3      | Killed Natasha
  2415 | D:3      | Gained mutation: You have sharp fingernails. [demonic
                  | ancestry]
  2415 | D:3      | Reached XP level 5. HP: 26/41 MP: 5/5
  2450 | D:3      | Noticed Natasha
  2451 | D:3      | Killed Natasha
  3185 | D:4      | Reached XP level 6. HP: 29/47 MP: 6/6
  3243 | D:4      | Reached skill level 5 in Long Blades
  3595 | D:4      | Found a sacrificial altar of Ru.
  3599 | D:4      | Found an ancient bone altar of Kikubaaqudgha.
  3877 | D:5      | Entered Level 5 of the Dungeon
  4410 | D:5      | Reached XP level 7. HP: 49/54 MP: 7/7
  4602 | D:2      | Became a worshipper of Hepliaklqana the Forgotten
  4788 | D:5      | Reached skill level 1 in Armour
  5090 | D:5      | Found a deep blue altar of Sif Muna.
  5208 | D:6      | Found a staircase to the Ecumenical Temple.
  5221 | D:6      | Reached skill level 6 in Long Blades
  5296 | D:6      | Killed from afar by an electric eel

Levels and vault maps discovered:
D:1:      matt_arrival_los_fun, layout_basic, minmay_tall_x
D:2:      layout_basic, old_standard_altar
D:3:      layout_loops_ring, uniq_natasha
D:4:      layout_basic, grunt_temple_overflow_open, hangedman_decor_riveting,
          hangedman_minor_gate_pass
D:5:      layout_gridville, kennysheep_little_box, first_ration
D:6:      kennysheep_big_flooded_room, layout_cave_pools,
          minmay_temple_entry_crystal_x, nicolae_ossuary_entry_catacombs,
          nemelex_lonely_heart_becter

Skill      XL: |  1  2  3  4  5  6  7 |
---------------+----------------------+-----
Long Blades    | 3 4 5 6 |  6.2
Dodging        | 3 4 |  4.7
Fighting       | 3 4 |  4.6
Armour         | 2 |  2.0
Throwing       | |  1.7

Action                   |  1- 3 |  4- 6 |  7- 9 || total
-------------------------+-------+-------+-------++-------
Melee: Long sword        |    87 |   134 |    54 ||   275
       Headbutt          |     8 |    31 |    11 ||    50
Throw: Throwing net      |     1 |     1 |       ||     2
  Use: Scroll            |     8 |     4 |     3 ||    15
       Potion            |     6 |     3 |       ||     9
 Stab: Sleeping          |     4 |     1 |       ||     5
       Distracted        |       |       |     2 ||     2
  Eat: Chunk             |     4 |    10 |       ||    14
Armor: Leather armour    |    19 |    31 |    14 ||    64
Dodge: Dodged            |    63 |   141 |    46 ||   250
       Rpst.: Long sword |    21 |    44 |    17 ||    82

Table legend:
 A = Non-vault XP
 B = Vault XP
 C = Vault XP percentage of total XP
 D = Non-vault monster count
 E = Vault monster count
 F = Vault count percentage of total count
                 A         B        C        D         E       F
            +---------+---------+-------+---------+---------+-------
      Total |    1173 |     171 |  12.7 |      97 |       9 |   8.5
            +---------+---------+-------+---------+---------+-------
        D:1 |      11 |       5 |  31.2 |       8 |       4 |  33.3
        D:2 |      57 |       0 |   0.0 |      15 |       0 |   0.0
        D:3 |     147 |      37 |  20.1 |      24 |       1 |   4.0
        D:4 |     197 |     129 |  39.6 |      22 |       4 |  15.4
        D:5 |     476 |       0 |   0.0 |      18 |       0 |   0.0
        D:6 |     285 |       0 |   0.0 |      10 |       0 |   0.0
            +---------+---------+-------+---------+---------+-------
